 Dungeon Crawl Stone Soup version 0.29-a0-330-g52719c12eb (webtiles) character file.

Game seed: 4974204508626956650

212 Leszczynek the Ducker (level 6, -3/46 HPs)
             Began as a Djinni Wanderer on Apr 22, 2022.
             Slain by a kobold
             ... wielding a +0 short sword
              (5 damage)
             ... on level 4 of the Dungeon.
             The game lasted 00:15:26 (1567 turns).

Leszczynek the Ducker (Djinni Wanderer)             Turns: 1567, Time: 00:15:27

Health: -3/46      AC:  2    Str: 13    XL:     6   Next: 13%
Gold:   73         EV: 12    Int: 11    God:
                   SH:  0    Dex: 17

rFire   + + .      SeeInvis .   a - +2 quarterstaff
rCold   x . .      Faith    .   (shield currently unavailable)
rNeg    . . .      Spirit   .   g - +0 ring mail
rPois   ∞          Reflect  .   c - +0 helmet
rElec   .          Harm     .   (no cloak)
rCorr   .          Rampage  .   (no gloves)
Will    .....                   (boots unavailable)
Stlth   +.........              (no amulet)
HPRegen 0.15/turn               (no ring)
MPRegen 0.00/turn               (no ring)

@: corroded, flying
A: sickness immunity, fire resistance 2, cold vulnerability 1, float, innate
caster, HP casting, extra vitality 1, sense surroundings 1, screaming 1, strong
1
a: no special abilities


You were on level 4 of the Dungeon.
You visited 1 branch of the dungeon, and saw 4 of its levels.

You collected 73 gold pieces.

Inventory:

Hand Weapons
 a - a +2 quarterstaff (weapon)
 b - a +0 falchion
 j - a +0 hand axe
Missiles
 f - 8 boomerangs (quivered)
Armour
 c - a +0 helmet (worn)
 d - a +4 scale mail of poison resistance
 e - a +0 robe
 g - a +0 ring mail (worn)
Scrolls
 h - a scroll of vulnerability {unknown}
 i - 2 scrolls of teleportation {unknown}
Potions
 l - a potion of mutation {!q}


   Skills:
 * Level 3.2 Fighting
 * Level 3.3 Long Blades
 - Level 3.2 Staves
 + Level 0.4 Throwing
 + Level 3.3 Dodging
 - Level 1.5 Stealth
 + Level 1.1 Spellcasting


You had 4 spell levels left.
You knew the following spells:

 Your Spells              Type           Power      Damage    Failure   Level
a - Magic Dart            Conj           12%        1d3       41%         1
b - Passwall              Tmut/Erth      2%         N/A       54%         2
Your spell library was empty.

Dungeon Overview and Level Annotations

Branches:
Dungeon (4/15)
 Temple: D:4-7

Altars:

Shops:
D:3 *

Annotations:
D:3 2 runed translucent doors, dricus's ghost, amateur GnWn


Innate Abilities, Weirdness & Mutations

You are immune to sickness and miasma.
You are immune to poison.
Your flesh is very heat resistant. (rF++)
You are vulnerable to cold. (rC-)
You float through the air rather than walking.
You learn spells naturally, not from books.
Your magical power is your life essence.
You have superior vitality. (+4 MHP)
You passively map a small area around you.
You occasionally shout uncontrollably at your foes.
Your muscles are strong. (Str +2)


Message History

Throw: 9 boomerangs
Press: ? - help, Q - select action, (/) - cycle Shift-Dir - straight line, f/p - jelly
Aim: a jelly (lightly wounded, 90% to hit)
You throw a boomerang.
The boomerang hits the jelly but does no damage.
The jelly is lightly wounded.
The kobold throws a stone.
The stone hits you.
Throw: 8 boomerangs
Press: ? - help, Q - select action, (/) - cycle Shift-Dir - straight line, f/p - jelly
Aim: a jelly (lightly wounded, 90% to hit)
You throw a boomerang. The boomerang hits the jelly.
The jelly is moderately wounded.
Throw: 8 boomerangs
Press: ? - help, Q - select action, (/) - cycle Shift-Dir - straight line, f/p - jelly
Aim: a jelly (moderately wounded, 90% to hit)
You throw a boomerang. The boomerang hits the jelly!
The jelly is heavily wounded.
You sock the jelly! The acid corrodes you!
Your hands burn!
The jelly is severely wounded.
The jelly hits you.
You are splashed with acid!
The jelly misses you.
You hit the jelly.
Your hands burn!
The jelly is severely wounded.
The kobold hits you with a +0 short sword.
The jelly hits you.
You are splashed with acid!
* * * LOW HITPOINT WARNING * * *
Enter note: ?
Enter note:
Press: ? - help, v - describe, . - travel
Here: a jelly (severely wounded)
The floor.
Unknown command.
Unknown command.
Okay, then.
Okay, then.
Okay, then.
It was a potion of mutation.
You feel extremely strange.
You feel stronger.
You feel the urge to shout.
You feel a strange attunement to the structure of the dungeons.
The kobold hits you with a +0 short sword.
You die...

## .....# , #... #.....###
* #...**>.(.... , #...#
#....# #...# #....#
#...###....#### ,
#..........$...
#########..........######
##......##......@K........
#.......##.......J........
,
#.......##.......)........
#.......##...)............
#.......##..[#####........
#.#.....##...##.........#.
,
#.......##...##.#######.#
###..............# .# ,, ,
#.....#######..# #, , ,


You could see a jelly and a kobold.

Vanquished Creatures
  An orc priest (D:4)
  Natasha (D:2)
  Terence (D:2)
  2 hound zombies (D:4)
  Robin (D:3)
  3 adders (D:2)
  An adder skeleton (D:4)
  3 dart slugs
  3 orcs
  A ball python (D:4)
  5 bats
  2 endoplasms (D:1)
  3 giant cockroaches (D:2)
  10 goblins
  6 hobgoblins
  4 jackals
  A quokka (D:2)
  A frilled lizard (D:1)
  3 kobolds
  A rat (D:1)
53 creatures vanquished.

Notes
Turn   | Place    | Note
-------+----------+-------------------------------------------
     0 | D:1      | Leszczynek the Djinni Wanderer began the quest for the Orb.
     0 | D:1      | Reached XP level 1. HP: 15/15 MP: 0/0
     0 | D:1      | +2 quarterstaff, neat start
     0 | D:1      | hmmm
     0 | D:1      | does fighting train hp? should be, right?
     0 | D:1      | and then spellcasting doesn't give hp, i'd assume
   301 | D:1      | Reached XP level 2. HP: 22/22 MP: 0/0
   317 | D:1      | Reached skill level 1 in Fighting
   371 | D:2      | Noticed Terence
   387 | D:2      | Killed Terence
   388 | D:2      | Reached skill level 3 in Staves
   388 | D:2      | Reached XP level 3. HP: 28/28 MP: 0/0
   388 | D:2      | Learned a level 1 spell: Magic Dart
   430 | D:2      | Reached skill level 2 in Fighting
   486 | D:2      | Reached XP level 4. HP: 32/33 MP: 0/0
   609 | D:2      | Reached skill level 3 in Dodging
   741 | D:2      | Noticed Natasha
   755 | D:2      | Killed Natasha
   756 | D:2      | Reached XP level 5. HP: 36/39 MP: 0/0
   756 | D:2      | Learned a level 2 spell: Passwall
   756 | D:2      | well, this one's useful i guess
   872 | D:3      | Noticed Robin
   934 | D:3      | Killed Robin
   945 | D:3      | Reached skill level 1 in Spellcasting
   960 | D:3      | Found a large runed translucent door.
   960 | D:3      | Found a large runed translucent door.
   963 | D:3      | Noticed dricus's ghost (amateur GnWn)
  1180 | D:3      | Found Nuare's General Store.
  1188 | D:3      | +10 vamp dire flail with rcorr
  1188 | D:3      | and will+
  1188 | D:3      | in the shop
  1285 | D:4      | Reached skill level 3 in Long Blades
  1346 | D:4      | HP: 2/40 [orc priest/divine providence (12)]
  1348 | D:4      | what
  1353 | D:4      | Reached skill level 3 in Fighting
  1355 | D:4      | so robin was carrying two different potions rather than a
                  | stack of two
  1355 | D:4      | how fun
  1512 | D:4      | Reached XP level 6. HP: 35/46 MP: 0/0
  1566 | D:4      | HP: 2/46 [acid (12)]
  1567 | D:4      | ?
  1567 | D:4      | Gained mutation: Your muscles are strong. (Str +2) [potion
                  | of mutation]
  1567 | D:4      | Gained mutation: You occasionally shout uncontrollably at
                  | your foes. [potion of mutation]
  1567 | D:4      | Gained mutation: You passively map a small area around you.
                  | [potion of mutation]
  1567 | D:4      | Slain by a kobold

Illustrated notes ###### #@.≈P# #..P≈# #≈.P≈# #P..P# #P..P# #P≈..+ #≈P.P# #≈≈.♣# Turn 0 on D:1: +2 quarterstaff, neat start ##.).. ##.....## ........# ## #.......# .. #....#).#### ## #..h.......# #..#.##.##(##### ## ...#..##.##.....# .# #.......§.@.....### .# #..##..#.##........ #.#.....##.#..########## ......................># ##.####.#.....#.####.### #..###..#.†..#.# #.# #............#.# #.# #........#####.# #.# #........# #.# #.. Turn 756 on D:2: well, this one's useful i guess

# #.##.####.# ... # #.........#
... ####.###### ####.# ##'##
#..... ##...## #.##.# ##.....##
#.##.## # ### ##.......##
##.##..###.# ##.#
###.........####..........####...
..'.........+...@................
###.........####...##.########...
##.......## ##.##..# ##.<
##.....## ####.## ##. ##...## #.#
#. ##'## #.# #. ..#####.# #.# #.
........# #.# #. .#####..## #.#
#.


Turn 1188 on D:3: +10 vamp dire flail with rcorr ##.###.#.. ... #.#.## ## #.#
#.#.# .o #.# #.#.. #o #.# #.### #o #.# #. #.# #.#######.######.
#.o@............. #########.###### #.##.# #....# ####.# #<# ### Turn 1348 on
D:4: what ##.###.#.. ... #.#.## ## #.# #.#.# .. #.# #.#.. #. #.# #.### #. #.# #.
#.# #.#######.######. #.)@............. #########.###### #.##.# #....# ####.#
#<# ### Turn 1355 on D:4: so robin was carrying two different potions rather
than a stack of two ## .....# #... #.....### #... >.(.... #...# #....# #...#
#....# #...###....#### #..........$... #########..........######
##......##......@K........ #.......##.......J........ #.......##.......)........
#.......##...)............ #.......##..[#####........ #.#.....##...##.........#.
#.......##...##.#######.# ###..............# .# #.....#######..# # Turn 1567 on
D:4: ?

Levels and vault maps discovered:
D:1:      tarquinn_simple_flora_water_f, layout_basic,
          chequers_ecumenical_altar_simple_redux
D:2:      layout_basic, hangedman_abyss_or_decor_lesser_grid, uniq_natasha,
          uniq_terence
D:3:      layout_loops_corners, grunt_temple_overflow_growth_and_decay,
          serial_shops, shop, ebering_ghost_disaster_area, uniq_robin
D:4:      layout_basic, mainiacjoe_overflow_paths, minmay_temple_entry_arrows,
          lightli_ossuary_entry_decrepit_ruins, cheibrodos_sewer_entry_drain,
          serial_undead, serial_undead_a, serial_undead_c, serial_undead_c,
          serial_undead_d, serial_undead_f

Skill      XL: |  1  2  3  4  5 |
---------------+----------------+-----
Fighting       | 1 2 3 |  3.2
Staves         | 3 |  3.2
Dodging        | 3 |  3.3
Spellcasting   | 1 |  1.1
Long Blades    | 3 |  3.3
Throwing       | |  0.4
Stealth        | |  1.5

Action                   |  1- 3 |  4- 6 || total
-------------------------+-------+-------++-------
Melee: Quarterstaff      |    45 |   123 ||   168
Throw: Boomerang         |     3 |    11 ||    14
  Use: Potion            |     1 |     4 ||     5
 Stab: Sleeping          |     2 |       ||     2
Armor: Robe              |     9 |     1 ||    10
       Skin              |    14 |       ||    14
       Ring mail         |       |    28 ||    28
Dodge: Dodged            |    20 |    62 ||    82

Table legend: (Time is in decaauts)
 A = Elapsed time spent in this place.
 B = Non-inter-level travel time spent in this place.
 C = Inter-level travel time spent in this place.
 D = Time resting spent in this place.
 E = Time spent auto-exploring this place.
 F = Levels seen in this place.
 G = Mean time per level.
                   A        B        C        D        E       F      G
               +--------+--------+--------+--------+--------+-----+--------+
         Total |   1619 |   1591 |     28 |    293 |      0 |   4 |  404.8 |
       Dungeon |   1619 |   1591 |     28 |    293 |      0 |   4 |  404.8 |
               +--------+--------+--------+--------+--------+-----+--------+

Top non-repeatable levels by time:
     D:3: 570 daAuts
     D:2: 390 daAuts
     D:1: 362 daAuts
     D:4: 296 daAuts
